 Dungeon Crawl Stone Soup version 0.30-a0-757-ga6a79fd877 (webtiles) character file.

Game seed: 1427959547885874099

54 Aneyh the Trooper (level 3, 0/24 HPs)
             Began as a Tengu Monk on Feb 10, 2023.
             Slain by Natasha (6 damage)
             ... on level 3 of the Dungeon.
             The game lasted 00:02:46 (1476 turns).

Aneyh the Trooper (Tengu Monk)                      Turns: 1476, Time: 00:02:47

Health: 0/24       AC:  2    Str: 13    XL:     3   Next: 91%
Magic:  4/4        EV: 13    Int: 10    God:
Gold:   77         SH:  0    Dex: 16    Spells: 2/2 levels left

rFire   . . .      SeeInvis .    a - +0 spear
rCold   . . .      Faith    .    (no shield)
rNeg    . . .      Spirit   .    b - +0 robe
rPois   .          Reflect  .    (helmet restricted)
rElec   .          Harm     .    (no cloak)
rCorr   .          Rampage  .    (no gloves)
Will    .....                    (boots unavailable)
Stlth   ++                       (no amulet)
HPRegen 0.24/turn                (no ring)
MPRegen 0.09/turn                (no ring)

@: slowed, very slow
A: beak, talons 3
a: no special abilities


You were on level 3 of the Dungeon.
You visited 1 branch of the dungeon, and saw 3 of its levels.

You collected 77 gold pieces.

Inventory:

Hand Weapons
 a - a +0 spear (weapon)
 r - a +0 war axe
Missiles
 q - 3 silver javelins (quivered)
Armour
 b - a +0 robe (worn)
Magical Staves
 i - a staff of earth
Wands
 t - a wand of polymorph (11)
Scrolls
 d - 2 scrolls of enchant weapon {unknown}
 e - 2 scrolls of identify {unknown}
 g - 2 scrolls of fear {unknown}
 j - 2 scrolls of teleportation {unknown}
 k - 2 scrolls of vulnerability {unknown}
 o - a scroll of summoning {unknown}
 p - 2 scrolls of noise {unknown}
Potions
 c - a potion of ambrosia
 f - a potion of degeneration {unknown}
 h - 4 potions of flight {unknown}
 l - a potion of resistance {unknown}
 m - 3 potions of curing {unknown}
 n - a potion of mutation {unknown}
 s - a potion of heal wounds {unknown}


   Skills:
 + Level 4.7 Fighting
 - Level 3.2 Polearms
 - Level 3.2 Dodging
 - Level 2.0 Stealth


You had 2 spell levels left.
You didn't know any spells.
Your spell library was empty.

Dungeon Overview and Level Annotations

Branches:
Dungeon (3/15)

Altars:

Shops:
D:1 [

Annotations:
D:3 Natasha


Innate Abilities, Weirdness & Mutations

You have a beak for a mouth.
You have claws for feet.


Message History

No target in view!
No target in view!
There is a stone staircase leading down here.
You climb downwards.
Found 6 stones, a dagger, a scroll labelled BOJAHECSEWK and 2 white potions.
Found a stone staircase leading up.
There is a stone staircase leading up here.
There are monsters nearby!
There are monsters nearby!
Natasha casts a spell at you. The magic dart hits you!
Ouch! That really hurt!
You are too injured to fight recklessly!
You are too injured to fight recklessly!
You are too injured to fight recklessly!
Natasha mumbles some strange words.
You closely miss Natasha. Your peck misses Natasha. Natasha misses you.
The crimson imp closely misses you.
You barely miss Natasha. Your peck misses Natasha. Natasha barely misses you.
The crimson imp hits you.
You closely miss Natasha. You claw Natasha!
Natasha is heavily wounded.
Natasha barely misses you.
You hit Natasha.
Natasha is heavily wounded.
The crimson imp misses you.
Natasha howls an incantation.
Natasha shimmers violently.
Natasha claws you.
* * * LOW HITPOINT WARNING * * *
You hit Natasha but do no damage. You claw Natasha.
Natasha is severely wounded.
The crimson imp blinks!
An orc comes into view. It is wielding a +0 war axe.
Natasha stares at you and mumbles some strange words.
You feel yourself slow down.
You hit Natasha. Your kick misses Natasha. Your peck misses Natasha.
Natasha is almost dead.
Natasha claws you.
You die...

##.....?.!...
##...........g
#.............
#.............
#.............
#.........<(..
#.....<.......
#..ยง..........
#.h@..........
#........)....
#.............
#...5....o....
#...........#.
#.......####.
#########


You could see Natasha, a crimson imp (summoned) and an orc.

Vanquished Creatures
  2 adders (D:2)
  A worm (D:2)
  2 ball pythons (D:1)
  4 endoplasms
  3 hobgoblins
  2 jackals (D:1)
  A kobold (D:1)
  4 quokkas
  2 bats
  3 frilled lizards
  3 goblins
  6 rats
33 creatures vanquished.

Notes
Turn   | Place    | Note
-------+----------+-------------------------------------------
     0 | D:1      | Aneyh the Tengu Monk began the quest for the Orb.
     0 | D:1      | Reached XP level 1. HP: 14/14 MP: 2/2
   152 | D:1      | Reached XP level 2. HP: 19/19 MP: 3/3
   159 | D:1      | Found Meziofie's Armour Boutique.
   598 | D:1      | Reached skill level 4 in Fighting
   849 | D:2      | Reached XP level 3. HP: 22/24 MP: 4/4
  1467 | D:3      | Noticed Natasha
  1476 | D:3      | Slain by Natasha

Illustrated notes

Levels and vault maps discovered:
D:1:      dpeg_arrival_round_a, layout_loops_cross, serial_shops,
          nicolae_square_shop, minmay_misc_feat_cross
D:2:      layout_loops_ring
D:3:      layout_rooms, mainiacjoe_overflow_cross_hatched,
          dreamdust_ecumenical_altar_statues, serial_shops, shop, uniq_ijyb,
          uniq_natasha, uniq_grinder

Skill      XL: |  1  2 |
---------------+-------+-----
Fighting       | 4 |  4.7
Polearms       | |  3.2
Dodging        | |  3.2
Stealth        | |  2.0

Action                     || total
---------------------------++-------
  Melee: Spear             ||    94
         Kick              ||    21
         Peck              ||    11
         Punch             ||     1
   Stab: Sleeping          ||     7
 Armour: Robe              ||    10
  Dodge: Dodged            ||    43

Table legend: (Time is in decaauts)
 A = Elapsed time spent in this place.
 B = Non-inter-level travel time spent in this place.
 C = Inter-level travel time spent in this place.
 D = Time resting spent in this place.
 E = Time spent auto-exploring this place.
 F = Levels seen in this place.
 G = Mean time per level.
                   A        B        C        D        E       F      G
               +--------+--------+--------+--------+--------+-----+--------+
         Total |   1469 |   1382 |     87 |     42 |   1096 |   3 |  489.7 |
       Dungeon |   1469 |   1382 |     87 |     42 |   1096 |   3 |  489.7 |
               +--------+--------+--------+--------+--------+-----+--------+

Top non-repeatable levels by time:
     D:2: 732 daAuts
     D:1: 728 daAuts
     D:3: 8 daAuts
